 Dungeon Crawl Stone Soup version 0.16-a0-3325-g64f94fb (webtiles) character file.

415 Kemay the Insei (level 6, -17/38 HPs)
             Began as an Octopode Transmuter on Dec 27, 2014.
             Demolished by an ogre
             ... wielding a +0 giant club
              (23 damage)
             ... on level 4 of the Dungeon.
             The game lasted 00:13:20 (5280 turns).

Kemay the Insei (Octopode Transmuter)               Turns: 5280, Time: 00:13:21

Health: -17/38     AC:  3    Str:  9    XL:     6   Next: 91%
Magic:  12/12      EV: 13    Int: 18    God:
Gold:   215        SH:  0    Dex: 12    Spells: 2 memorised, 6 levels left

rFire  . . .     SeeInvis .       - Unarmed
rCold  . . .     Clarity  .     (no shield)
rNeg   . . .     SustAb   .     (helmet restricted)
rPois  .         Gourm    .     (no amulet)
rElec  .         Spirit   .     j - ring of wizardry
rCorr  .         Warding  .     f - +2 ring of protection
rMut   .         Stasis   .     (no ring)
MR     .....                    (no ring)
Stlth  ++........               (no ring)
                                (no ring)
                                (no ring)
                                (no ring)

@: appendage, not resistant to hostile enchantments, unstealthy
A: almost no armour, amphibious, 8 rings, constrict 8, tentacle spike 3,
camouflage 1, gelatinous body 1
a: End Transformation


You were on level 4 of the Dungeon.
You were not hungry.
One of your tentacles had a temporary spike.
You visited 1 branch of the dungeon, and saw 4 of its levels.

You collected 215 gold pieces.

Inventory:

Hand weapons
 l - a +1 short sword of venom
 r - a +0 war axe
Missiles
 i - 10 poisoned needles
Armour
 b - a +2 large shield
Jewellery
 f - a +2 ring of protection (right tentacle)
 j - a ring of wizardry (left tentacle)
Scrolls
 c - a scroll of enchant weapon
 g - 4 scrolls of teleportation
 m - 3 scrolls of magic mapping
 q - a scroll of remove curse
Potions
 e - 2 potions of curing
 o - a potion of heal wounds
 s - 2 potions of cancellation {unknown}
 u - 2 potions of haste {unknown}
Books
 d - a book of Changes

   Spells                             Type                      Level
   a - Beastly Appendage              Transmutation                1
   b - Sticks to Snakes               Transmutation                2
   c - Spider Form                    Transmutation/Poison         3
   d - Ice Form                       Ice/Transmutation            4
   e - Blade Hands                    Transmutation                5
Comestibles
 a - 2 bread rations
 h - a royal jelly
 k - a beef jerky
 n - 2 fruits
 p - a meat ration


   Skills:
 - Level 1.0 Fighting
 + Level 4.1 Dodging
 + Level 6.0 Unarmed Combat
 - Level 3.0 Spellcasting
 - Level 2.0 Transmutations


You had 6 spell levels left.
You knew the following spells:

 Your Spells              Type           Power        Failure   Level  Hunger
a - Beastly Appendage     Trmt           #.....       4%          1    None
b - Ice Form              Ice/Trmt       #.......     65%         4    ####...


Dungeon Overview and Level Annotations

Branches:
Dungeon (4/15)
 Temple: D:4-7

Altars:
Cheibriados
Qazlal


Innate Abilities, Weirdness & Mutations

You cannot wear most types of armour.
You are amphibious.
You can wear up to eight rings at the same time.
You can use your tentacles to constrict many enemies at once.
Your skin changes colour to match your surroundings (Stealth).
Your rubbery body absorbs attacks (AC +1).
One of your tentacles bears a large vicious spike.


Message History

You extend your transformation's duration.
You barely miss the ogre.
You pierce the ogre.
The ogre is lightly wounded.
The ogre closely misses you.
You tentacle-slap the ogre but do no damage.
You tentacle-slap the ogre but do no damage.
You pierce the ogre, but do no damage.
The ogre hits you with a giant club.
You tentacle-slap the ogre.
The ogre is lightly wounded.
The ogre hits you with a giant club!!
Ouch! That really hurt!
* * * LOW HITPOINT WARNING * * *
You tentacle-slap the ogre.
You pierce the ogre, but do no damage.
You squeeze the ogre, but do no damage.
The ogre is lightly wounded.
You bludgeon the ogre!
The ogre is moderately wounded.
The ogre hits you with a giant club!!
Ouch! That really hurt!
You die...

.............................##
..............................##
...............................##
.....>...........................
.................................
..........................#......
...................#......#......
..................##.....##.....<
...........##+##@##......##......
..........<# #O##......##......
...........# #.................
...........# #...###...........
...........## ##..## ##.......#
............###..## ###....##
............##...# #.....#
...........###..## ##.....
..........###...# #......


You could see an ogre.

Vanquished Creatures
  The ghost of Kemay the Insei, an average OpMo (D:3)
  A giant frog (D:3)
  A hound (D:3)
  An iguana (D:4)
  A worker ant (D:4)
  4 adders
  3 gnolls (D:3)
  2 giant mites
  5 worms
  2 oozes
  7 orcs (D:3)
  A ball python (D:3)
  2 giant cockroaches (D:1)
  7 goblins
  8 hobgoblins
  14 jackals
  13 bats
  A giant gecko (D:1)
  4 giant newts
  11 kobolds
  13 rats
102 creatures vanquished.

Notes
Turn   | Place    | Note
--------------------------------------------------------------
     0 | D:1      | Kemay, the Octopode Transmuter, began the quest for the Orb.
     0 | D:1      | Reached XP level 1. HP: 13/13 MP: 3/3
   114 | D:1      | Reached XP level 2. HP: 16/18 MP: 4/4
   627 | D:1      | Reached skill level 4 in Unarmed Combat
   654 | D:1      | Reached XP level 3. HP: 11/23 MP: 4/6
  2236 | D:2      | Reached XP level 4. HP: 20/28 MP: 5/7
  2420 | D:2      | Found a stormy altar of Qazlal.
  2884 | D:3      | Reached skill level 5 in Unarmed Combat
  2884 | D:3      | Reached XP level 5. HP: 10/33 MP: 7/9
  2899 | D:3      | Learned a level 4 spell: Ice Form
  3106 | D:3      | Found a snail-covered altar of Cheibriados.
  3134 | D:3      | Noticed a giant frog
  3140 | D:3      | Killed a giant frog
  3246 | D:3      | Noticed Kemay's ghost (average OpMo)
  3256 | D:3      | Killed Kemay's ghost
  3256 | D:3      | Reached XP level 6. HP: 23/38 MP: 10/12
  4704 | D:4      | Reached skill level 6 in Unarmed Combat
  5280 | D:4      | Demolished by an ogre

Action                   |  1- 3 |  4- 6 || total
-------------------------+-------+-------++-------
Melee: Unarmed           |   127 |   149 ||   276
 Cast: Beastly Appendage |     8 |    19 ||    27
 Abil: End Transformatio |     2 |     3 ||     5
  Use: Scroll            |     5 |     6 ||    11
       Potion            |       |     1 ||     1
 Stab: Sleeping          |     6 |     5 ||    11
       Distracted        |     1 |       ||     1
  Eat: Chunk             |     4 |     9 ||    13
       Fruit             |       |     1 ||     1
